 Dungeon Crawl Stone Soup version 0.30-a0-937-ga0a21ad780 (webtiles) character file.

Game seed: 2712193155093797966

70 Dirtsage the Trooper (level 4, -1/35 HPs)
             Began as a Demonspawn Fighter on Mar 24, 2023.
             Slain by Grinder (3 damage)
             ... on level 3 of the Dungeon.
             The game lasted 00:04:22 (2002 turns).

Dirtsage the Trooper (Demonspawn Fighter)           Turns: 2002, Time: 00:04:23

Health: -1/35      AC:  6    Str: 16    XL:     4   Next: 4%
Magic:  4/4        EV:  8    Int:  9    God:
Gold:   169        SH:  5    Dex: 15    Spells: 3/3 levels left

rFire   . . .      SeeInvis .      - Unarmed
rCold   . . .      Faith    .    c - +0 buckler
rNeg    . . .      Spirit   .    b - +0 scale mail
rPois   +          Reflect  .    (no helmet)
rElec   .          Rampage  .    (no cloak)
rCorr   .                        (no gloves)
Will    .....                    (no boots) Stlth
                                 (no amulet)
HPRegen 0.25/turn                P - ring of poison resistance
MPRegen 0.09/turn                (no ring)

@: no status effects
A: claws 1, weakness stinger 1
a: no special abilities


You were on level 3 of the Dungeon.
You visited 1 branch of the dungeon, and saw 3 of its levels.

You collected 169 gold pieces.

Inventory:

Armour
 b - a +0 scale mail (worn)
 c - a +0 buckler (worn)
Jewellery
 P - a ring of poison resistance (left claw)
Scrolls
 a - 2 scrolls of enchant armour {unknown}
 e - 2 scrolls of identify {unknown}
 f - a scroll of vulnerability {unknown}
 g - a scroll of fear {unknown}
 i - a scroll of brand weapon {unknown}
 j - a scroll of blinking {unknown}
Potions
 d - a potion of degeneration {unknown}
 h - a potion of attraction {unknown}
 k - a potion of flight {unknown}


   Skills:
 - Level 3.1 Fighting
 - Level 2.0 Long Blades
 - Level 2.8 Armour
 - Level 2.8 Shields
 + Level 2.8 Unarmed Combat


You had 3 spell levels left.
You didn't know any spells.
Your spell library was empty.

Dungeon Overview and Level Annotations

Branches:
Dungeon (3/15)

Altars:

Annotations:
D:3 Grinder


Innate Abilities, Weirdness & Mutations

You have sharp fingernails.
You have a small tail.


Message History

Grinder is lightly wounded.
Grinder hits you but does no damage.
You scratch Grinder.
You tail-slap Grinder, but do no damage.
Grinder is moderately wounded.
Grinder hits you!
You writhe in agony.
You take 11 damage, and have 23/35 hp.
MASSIVE DAMAGE!!
You claw Grinder!
Grinder is heavily wounded.
Grinder barely misses you.
You closely miss Grinder.
Grinder is heavily wounded.
Grinder hits you.
You writhe in agony.
Grinder hits you but does no damage.
You take 4 damage, and have 19/35 hp.
You scratch Grinder.
Grinder is heavily wounded.
Grinder hits you.
You writhe in agony.
You take 2 damage, and have 17/35 hp.
You claw Grinder!
Grinder is severely wounded.
Grinder hits you.
You writhe in agony.
* * * LOW HITPOINT WARNING * * *
You take 9 damage, and have 8/35 hp.
MASSIVE DAMAGE!!
You scratch Grinder.
Grinder is severely wounded.
Grinder hits you.
* * * LOW HITPOINT WARNING * * *
You take 1 damage, and have 7/35 hp.
You closely miss Grinder.
Grinder is severely wounded.
Grinder hits you.
* * * LOW HITPOINT WARNING * * *
You writhe in agony.
* * * LOW HITPOINT WARNING * * *
You take 5 damage, and have 2/35 hp.
You claw Grinder!
You tail-slap Grinder, but do no damage.
Grinder is almost dead.
Grinder hits you.
You die...

##.#####.#..##.##.#
#........#........#
#.............####
#.....†..##...#
......#......##
#####.##.....# #
#..#...####
....##......# #..#
#.#@##.# #.. #.#5.#
# #> #.#..# #.#.##
#.. ###


You could see Grinder.

Vanquished Creatures
  2 adders (D:2)
  3 worms (D:2)
  6 endoplasms
  5 goblins
  4 hobgoblins
  2 quokkas
  6 ball pythons
  4 bats
  2 frilled lizards (D:1)
  4 kobolds
  4 rats
42 creatures vanquished.

Notes
Turn   | Place    | Note
-------+----------+-------------------------------------------
     0 | D:1      | Dirtsage the Demonspawn Fighter began the quest for the
                  | Orb.
     0 | D:1      | Reached XP level 1. HP: 18/18 MP: 1/1
   181 | D:1      | Discovered your monstrous ancestry.
   181 | D:1      | Gained mutation: You have sharp fingernails. [demonic
                  | ancestry]
   181 | D:1      | Reached XP level 2. HP: 9/24 MP: 2/2
   443 | D:1      | Reached skill level 1 in Unarmed Combat
  1145 | D:2      | Reached XP level 3. HP: 2/29 MP: 3/3
  1146 | D:2      | HP: 1/29 [poisoned by an adder]
  1759 | D:2      | Gained mutation: You have a small tail. [demonic ancestry]
  1759 | D:2      | Reached XP level 4. HP: 27/35 MP: 4/4
  1988 | D:3      | Noticed Grinder
  2002 | D:3      | Slain by Grinder

Illustrated notes

Levels and vault maps discovered:
D:1:      psy_arrival_statuary, layout_loops_corners
D:2:      layout_loops_ring
D:3:      layout_basic, portal_sewer_entry_b, uniq_grinder

Skill      XL: |  1  2  3 |
---------------+----------+-----
Long Blades    | 2 |  2.0
Unarmed Combat | 1 2 |  2.8
Fighting       | |  3.1
Armour         | |  2.8
Shields        | |  2.8

Action                     |  1- 3 |  4- 6 || total
---------------------------+-------+-------++-------
  Melee: Long sword        |    81 |       ||    81
         Unarmed           |    47 |    14 ||    61
         Tailslap          |       |     5 ||     5
    Use: Potion            |     1 |       ||     1
 Armour: Scale mail        |    38 |     3 ||    41
  Dodge: Dodged            |    50 |     3 ||    53
  Block: Buckler           |    24 |     2 ||    26

Table legend: (Time is in decaauts)
 A = Elapsed time spent in this place.
 B = Non-inter-level travel time spent in this place.
 C = Inter-level travel time spent in this place.
 D = Time resting spent in this place.
 E = Time spent auto-exploring this place.
 F = Levels seen in this place.
 G = Mean time per level.
                   A        B        C        D        E       F      G
               +--------+--------+--------+--------+--------+-----+--------+
         Total |   2028 |   2001 |     27 |    115 |   1576 |   3 |  676.0 |
       Dungeon |   2028 |   2001 |     27 |    115 |   1576 |   3 |  676.0 |
               +--------+--------+--------+--------+--------+-----+--------+

Top non-repeatable levels by time:
     D:1: 1063 daAuts
     D:2: 923 daAuts
     D:3: 41 daAuts
